 Dungeon Crawl Stone Soup version 0.24.0-1-gfbc8707122 (webtiles) character file.

Game seed: 3409323035800770572, levelgen mode: deterministic

76 Exporg the Shield-Bearer (level 4, -5/37 HPs)
             Began as a Formicid Fighter on Oct 26, 2019.
             Slain by a hippogriff (7 damage)
             ... on level 3 of the Dungeon.
             The game lasted 00:02:54 (1533 turns).

Exporg the Shield-Bearer (Formicid Fighter)         Turns: 1533, Time: 00:02:54

Health: -5/37      AC:  8    Str: 25    XL:     4   Next: 57%
Magic:  4/4        EV: 12    Int:  8    God:
Gold:   85         SH: 10    Dex: 11    Spells: 3/3 levels left

rFire    . . .     SeeInvis +   a - +0 war axe
rCold    . . .     Gourm    .   c - +0 shield
rNeg     . . .     Faith    .   r - +0 acid dragon scales
rPois    .         Spirit   .   (helmet unavailable)
rElec    .         Reflect  .   (no cloak)
rCorr    +         Harm     .   p - +0 pair of gloves
MR       .....                  (no boots)
Stlth    +.........             (no amulet)
HPRegen  0.12/turn              g - +3 ring of evasion
MPRegen  0.09/turn              (no ring)

@: mighty
A: permanent stasis, dig shafts and tunnels, four strong arms, antennae 3
a: Dig, Shaft Self


You were on level 3 of the Dungeon.
You were not hungry.

You visited 1 branch of the dungeon, and saw 3 of its levels.

You collected 85 gold pieces.

Inventory:

Hand Weapons
 a - a +0 war axe (weapon)
Missiles
 n - 63 bolts
 s - 3 boomerangs (quivered)
Armour
 b - a +0 scale mail
 c - a +0 shield (worn)
 p - a +0 pair of gloves (worn)
 r - +0 acid dragon scales (worn)
Jewellery
 g - a +3 ring of evasion (left hand)
Scrolls
 e - 3 scrolls of immolation {unknown}
 i - 4 scrolls of identify {unknown}
 j - 2 scrolls of fear {unknown}
 l - a scroll of magic mapping {unknown}
 m - a scroll of noise {unknown}
Potions
 h - a potion of haste {unknown}
 k - a potion of berserk rage {unknown}
 o - a potion of curing {unknown}
 q - 2 potions of cancellation {unknown}
Comestibles
 f - 4 rations
 t - a chunk of flesh


   Skills:
 + Level 3.6 Fighting
 + Level 3.3 Axes
 + Level 3.6 Armour
 + Level 0.3 Dodging
 + Level 0.4 Stealth
 + Level 4.2 Shields


You had 3 spell levels left.
You didn't know any spells.
Your spell library was empty.

Dungeon Overview and Level Annotations

Branches:
Dungeon (3/15)

Altars:
Nemelex Xobeh

Annotations:
D:3 3 runed translucent doors


Innate Abilities, Weirdness & Mutations

You cannot be hasted, slowed, berserked, paralysed or teleported.
You can dig through walls and to a lower floor.
Your four strong arms can wield two-handed weapons with a shield.
You have a pair of large antennae on your head. (SInv)


Message History

You hit the hippogriff.
The hippogriff is heavily wounded.
You block the hippogriff's attack.
The hippogriff pecks you but does no damage.
The hippogriff claws you but does no damage.
The hippogriff bites you. The hippogriff pecks you.
You block the hippogriff's attack.
You feel very mighty all of a sudden. The hippogriff bites you.
* * * LOW HITPOINT WARNING * * *
You block the hippogriff's attack. x2
You barely miss the hippogriff.
The hippogriff is heavily wounded.
The hippogriff bites you!
* * * LOW HITPOINT WARNING * * *
The hippogriff barely misses you. x2
You barely miss the hippogriff.
The hippogriff is heavily wounded.
You block the hippogriff's attack. The hippogriff pecks you!
You die...

..... #.. #.... ...
#....# ... ....##..
####+#..... {
..........# ..........#
........H@# ..........#
..........##.# ##.
########.....# .#.#
#.#####
.#.############'#######
.#..#.......##.........
##..(.......##.........
#..##..†.....'.........


You could see a hippogriff.

Vanquished Creatures
  2 adders
  A worm (D:3)
  2 dart slugs (D:1)
  3 leopard geckos
  An orc (D:3)
  2 giant cockroaches
  2 goblins
  7 hobgoblins
  5 jackals (D:3)
  5 kobolds
  A ball python (D:1)
  7 bats
  3 frilled lizards
  5 rats
46 creatures vanquished.

Notes
Turn   | Place    | Note
-------+----------+-------------------------------------------
     0 | D:1      | Exporg the Formicid Fighter began the quest for the Orb.
     0 | D:1      | Reached XP level 1. HP: 18/18 MP: 1/1
    68 | D:1      | Reached XP level 2. HP: 24/24 MP: 2/2
   217 | D:1      | Reached skill level 4 in Shields
   226 | D:1      | Reached XP level 3. HP: 25/29 MP: 3/3
   259 | D:1      | Found a sparkling altar of Nemelex Xobeh.
   915 | D:2      | Found a faded altar of an unknown god.
   948 | D:2      | Reached XP level 4. HP: 36/36 MP: 4/4
  1393 | D:3      | Found a runed translucent gate.
  1393 | D:3      | Found a runed translucent gate.
  1394 | D:3      | Found a runed translucent gate.
  1519 | D:3      | Noticed a hippogriff
  1533 | D:3      | Slain by a hippogriff

Levels and vault maps discovered:
D:1:      lightli_arrival_lavapool, layout_loops_ring,
          nemelex_diamond_rough_becter
D:2:      layout_rooms, chequers_ecumenical_altar_island
D:3:      layout_basic, gammafunk_ghost_icy

Skill      XL: |  1  2  3  4 |
---------------+-------------+-----
Shields        | 4 |  4.2
Axes           | 3 |  3.3
Fighting       | |  3.6
Armour         | |  3.6
Dodging        | |  0.3
Stealth        | |  0.4

Action                   |  1- 3 |  4- 6 || total
-------------------------+-------+-------++-------
Melee: War axe           |    98 |    58 ||   156
  Use: Potion            |       |     1 ||     1
  Eat: Chunk             |       |     2 ||     2
Armor: Scale mail        |    38 |    11 ||    49
       Acid dragon scale |       |    16 ||    16
Dodge: Dodged            |    56 |    47 ||   103
Block: Shield            |    57 |    45 ||   102
